 Dungeon Crawl Stone Soup version 0.22.0 (webtiles) character file.

158 Gorglomux the Shield-Bearer (level 5, -3/47 HPs)
             Began as a Minotaur Fighter on Aug 10, 2018.
             Slain by a gnoll
             ... wielding a +0 spear
              (5 damage)
             ... on level 4 of the Dungeon.
             The game lasted 00:01:18 (1791 turns).

Gorglomux the Shield-Bearer (Minotaur Fighter)      Turns: 1791, Time: 00:01:19

Health: -3/47      AC:  7    Str: 20 (21) XL:     5   Next: 16%
Magic:  4/4        EV:  7    Int:  3 (5)  God:
Gold:   56         SH: 12    Dex:  9 (10) Spells: 4/4 levels left

rFire    . . .     SeeInvis .   a - +0 war axe
rCold    . . .     Gourm    .   c - +0 shield
rNeg     . . .     Faith    .   b - +0 scale mail
rPois    .         Spirit   .   (helmet restricted)
rElec    .         Reflect  +   (no cloak)
rCorr    .         Harm     .   (no gloves)
MR       .....                  (no boots)
Stlth    ..........             m - +3 amulet of reflection
HPRegen  0.15/turn              (no ring)
MPRegen  0.09/turn              (no ring)

@: no status effects
A: retaliatory headbutt, horns 2
a: no special abilities


You were on level 4 of the Dungeon.
You were not hungry.

You visited 1 branch of the dungeon, and saw 4 of its levels.

You collected 56 gold pieces.

Inventory:

Hand Weapons
 a - a +0 war axe (weapon)
Armour
 b - a +0 scale mail (worn)
 c - a +0 shield (worn)
Jewellery
 m - a +3 amulet of reflection (around neck)
 p - an uncursed amulet of rage {unknown}
Wands
 A - a wand of acid (8)
Scrolls
 g - a scroll of remove curse {unknown}
 i - 3 scrolls of identify {unknown}
 j - 4 scrolls of magic mapping {unknown}
 n - a scroll of noise {unknown}
 q - a scroll of teleportation {unknown}
Potions
 d - a potion of might
Comestibles
 f - 5 rations
 B - 2 chunks of flesh


   Skills:
 + Level 4.7 Fighting
 + Level 3.9 Axes
 + Level 4.6 Armour
 + Level 4.8 Shields


You had 4 spell levels left.
You didn't know any spells.
Your spell library was empty.

Dungeon Overview and Level Annotations

Branches:
Dungeon (4/15)
 Temple: D:4-7

Altars:
Sif Muna

Annotations:
D:2 Robin, Sigmund


Innate Abilities, Weirdness & Mutations

You reflexively headbutt those who attack you in melee.
You have a pair of horns on your head.


Message History

You annihilate the gnoll!!!
Butt cut the gnoll into ribbons!
Your scale mail prevents you from hitting the gnoll!
The gnoll barely misses you! You furiously retaliate!!!
You headbutt the gnoll!
The gnoll hits you with a spear!!! * * * don't die
* * * You are too injured to fight recklessly!!!
Unknown command!
It was a potion of degeneration!
There was something very wrong with that liquid!
You feel weakened!
You feel dopey!
You feel clumsy!
The gnoll hits you but does butt damage!
The gnoll hits you with a spear!!! * * * don't die
* * * It was a potion of magic!
Magic courses through your body! You block the butt's butt!
You block the gnoll's attack!
Unknown command!
You block the gnoll'butts attack!
The gnoll hits you from afar with a spear! butt

#..###..########
#.# #.#
#....<÷.#####
#.# #.####
#.###.......#
#.###.....
#.#.###.#
##<##......
#.#.# #.#
##...#.....#
##..# #.#
##......#....
#### #.#
#............
#.#
#......###...
#@# #.#...##
##.# #†# #.#####
#.# #..)gg..#.
#.# #.........#.
#.# ###.......#
#.........
#.......#..
#...../.##.#
#.......# .#


You could see 2 gnolls.

Vanquished Creatures
  A hound (D:4)
  Natasha (D:2)
  A gnoll (D:4)
  3 adders
  A worm (D:3)
  3 dart slugs
  2 leopard geckos
  7 bats
  A giant cockroach (D:3)
  10 goblins
  7 hobgoblins
  3 jackals (D:4)
  2 kobolds
  A ball python (D:3)
  5 frilled lizards
  9 rats
57 creatures vanquished.

Vanquished Creatures (others)
  A hobgoblin (D:1)
  8 toadstools (D:3)
9 creatures vanquished.

Grand Total: 66 creatures vanquished

Notes
Turn   | Place    | Note
-------+----------+-------------------------------------------
     0 | D:1      | Gorglomux the Minotaur Fighter began the quest for the Orb.
     0 | D:1      | Reached XP level 1. HP: 19/19 MP: 0/0
    92 | D:1      | Reached XP level 2. HP: 22/27 MP: 1/1
   408 | D:2      | Noticed Sigmund
   427 | D:1      | Reached skill level 3 in Axes
   427 | D:1      | Reached XP level 3. HP: 23/33 MP: 2/2
   533 | D:2      | Noticed Robin
   882 | D:2      | Noticed Natasha
   897 | D:2      | Killed Natasha
   897 | D:2      | Reached XP level 4. HP: 25/41 MP: 3/3
  1567 | D:3      | Found a deep blue altar of Sif Muna.
  1765 | D:4      | Reached XP level 5. HP: 47/47 MP: 4/4
  1789 | D:4      | HP: 2/47 [gnoll/spear (7)]
  1791 | D:4      | Slain by a gnoll

Skill      XL: |  1  2 |
---------------+-------+-----
Fighting       | 4 |  4.7
Armour         | 4 |  4.6
Shields        | 4 |  4.8
Axes           | 3 |  3.9

Action                   |  1- 3 |  4- 6 || total
-------------------------+-------+-------++-------
Melee: War axe           |    83 |    34 ||   117
       Headbutt          |    15 |     4 ||    19
  Use: Potion            |       |     2 ||     2
  Eat: Chunk             |       |     3 ||     3
Armor: Scale mail        |    46 |    12 ||    58
Dodge: Dodged            |    28 |    13 ||    41
Block: Shield            |    71 |    30 ||   101
       Reflection        |       |     1 ||     1
